Cogmind - Beta 16 @@@ ROGUE MODE // 2025.11.22 @ 10:15:46 Player: Fuselflubel Result: Destroyed by P-60 Hacker with Shock Rifle Performance ------------- Evolutions (3) 1500 Regions Visited (6) 1200 Robots Destroyed (43) 215 Value Destroyed (1200) 1200 Prototype IDs (4) 80 Alien Tech Used (0) 0 Bonus (45) 45 TOTAL SCORE: 4240 Bonus ------- Follower Combat Kills 45 Cogmind --------- Core Integrity 0/700 Matter 292/300 Energy 100/100 System Corruption 15% Temperature Cool (0) Movement Core (350) Ox6 Location -7/Factory Parts ------- > --- POWER (1) -------- (None) > --- PROPULSION (4) --- (None) > --- UTILITY (4) ------ Large Storage Unit Core Analyzer > --- WEAPON (4) ------- (None) > --- INVENTORY (15) --- Improved Melee Analysis Suite Peak State ------------ > --- POWER ------------ Reinforced Deuterium Engine > --- PROPULSION ------- Armored Huge Wheel Armored Huge Wheel > --- UTILITY ---------- Improved Heat Sink Large Storage Unit Core Analyzer Weapon Cycler > --- WEAPON ----------- Plasma Cannon Gauss Rifle Improved Datajack Katana > --- INVENTORY -------- Improved Deuterium Engine Armored Huge Wheel Improved Melee Analysis Suite Improved Medium Armor Plating Heavy Ion Cannon [Rating: 48] Favorites ----------- Power Ion Engine Engine Ion Engine Power Core Light Nuclear Core Propulsion Aluminum Leg Treads Light Treads Leg Aluminum Leg Wheel Armored Huge Wheel Flight Unit Flight Unit Utility Hardened Medium Armor Plating Device Improved Terrain Scanner Storage Medium Storage Unit Processor Targeting Computer Protection Hardened Medium Armor Plating Weapon Shotgun Energy Gun Small Laser Energy Cannon Heavy Particle Cannon Ballistic Gun Shotgun Launcher Mini Grenade Launcher Slashing Weapon Katana Special Melee Weapon Improved Datajack Build | -11 -10 -10 -10 -9 -8 -7 ------- Run | Yrd Mat Min Exi Min Mat Fac Slots Evolved 6 | . . . . . 4 2 Power . | . . . . . . . Propulsion 2 | . . . . . 2 . Utility 2 | . . . . . 1 1 Weapon 2 | . . . . . 1 1 Parts Attached 60 | 7 9 5 . 3 18 18 Power 7 | 1 1 1 . . 2 2 Engine 5 | 1 . 1 . . 1 2 Core 2 | . 1 . . . 1 . Reactor . | . . . . . . . Propulsion 15 | 2 3 . . . 7 3 Treads 2 | . 2 . . . . . Leg 6 | 2 1 . . . 3 . Wheel 3 | . . . . . . 3 Hover . | . . . . . . . Flight 4 | . . . . . 4 . Utility 17 | 2 2 2 . 1 4 6 Device 6 | 1 1 1 . . 1 2 Storage 3 | 1 1 1 . . . . Processor 5 | . . . . 1 1 3 Hackware . | . . . . . . . Protection 3 | . . . . . 2 1 Artifact . | . . . . . . . Weapon 21 | 2 3 2 . 2 5 7 Energy Gun 5 | . 2 . . 1 2 . Energy Cannon 4 | . 1 . . . 1 2 Ballistic Gun 8 | 2 . 2 . . 2 2 Ballistic Cannon . | . . . . . . . Launcher 2 | . . . . 1 . 1 Special Weapon . | . . . . . . . Impact Weapon . | . . . . . . . Slashing Weapon 1 | . . . . . . 1 Piercing Weapon . | . . . . . . . Special Melee Weapon 1 | . . . . . . 1 Unidentified Prototypes 2 | . . . . . 2 . Parts Lost 25 | . 5 2 . . 2 16 Power 4 | . 1 . . . . 3 Propulsion 6 | . 2 . . . 1 3 Utility 7 | . 1 1 . . 1 4 Weapon 8 | . 1 1 . . . 6 Highest Loss Streak 7 | . 3 2 . . 1 7 To Critical Strikes . | . . . . . . . Average Backups 5 | 2 4 3 5 4 5 6 Power . | . 1 . . . . . Propulsion . | 1 1 . . . . . Utility 1 | . . 1 2 2 1 2 Weapon 2 | . 2 2 3 2 3 1 Tool/Special . | . . . . . . . Unused Backups 5 | . 1 . . . 1 3 Power . | . . . . . . . Propulsion 1 | . 1 . . . . . Utility 2 | . . . . . . 2 Weapon 2 | . . . . . 1 1 Tool/Special . | . . . . . . . Average Slot Usage (%) 74 | . 96 75 57 76 80 74 Engine 8 | . 7 14 14 14 4 4 Core 2 | . 6 . . . 3 1 Leg 11 | . 26 14 14 14 16 3 Wheel 4 | . . . . . . 11 Flight 1 | . . . . . 7 . Device 8 | . 12 14 14 14 6 1 Storage 5 | . 14 6 . . 5 7 Processor 3 | . . . . 5 4 7 Protection 4 | . . . . . 5 10 Energy Gun 4 | . 14 6 . 10 8 1 Energy Cannon 2 | . 4 . . . 6 2 Ballistic Gun 13 | . 9 18 14 14 12 13 Slashing Weapon 1 | . . . . . . 3 Peak Build Rating 48 | 9 12 13 6 9 29 48 Average Rating 19 | 5 9 8 6 7 20 35 On Entrance 9 | . 9 7 6 6 8 29 Avg Prop Armor Cover (%) 5 | . . . . . 3 16 Naked Turns . | . . . . . . . Heaviest Build 61 | 12 21 31 8 9 40 61 Greatest Support 56 | 20 40 10 10 10 45 56 Greatest Overweight (x) 14 | . 2 3 . . 2 14 Average Overweight (x) . | . . . . . . . Largest Inventory Capacity 15 | 8 10 15 5 5 10 15 Average Capacity 8 | 7 8 9 5 5 8 11 Most Carried 10 | 5 8 5 5 5 9 10 Average Carried 5 | 3 4 3 5 4 5 7 Final Capacity 15 | 8 10 5 5 5 10 15 Final Carried 9 | 4 5 5 5 5 9 1 Class Distribution -------------------- 52% | Mutant 27% | Tank 6% | Skirmisher 6% | Scavenger-Tank 6% | Scavenger-Mutant Dominant Class ---------------- Scavenger-Mutant | -10/Materials Mutant | -10/Mines Mutant | -10/Exiles Mutant | -9/Mines Tank | -8/Materials Tank | -7/Factory Resources | -11 -10 -10 -10 -9 -8 -7 ----------- Run | Yrd Mat Min Exi Min Mat Fac Matter Collected 1423 | 288 155 72 . 75 297 536 Remotely . | . . . . . . . Salvage Created 1458 | 93 167 26 . 19 381 772 Parts 89 | 6 6 1 . 5 34 37 Haulers Intercepted 4 | . 1 . . . 2 1 Recyclers Shooed 3 | . . 1 . . . 2 Parts Field Recycled . | . . . . . . . Retrieved Matter . | . . . . . . . Parts Self-Destructed . | . . . . . . . Prevented . | . . . . . . . Parts Restored . | . . . . . . . Kills | -11 -10 -10 -10 -9 -8 -7 ------- Run | Yrd Mat Min Exi Min Mat Fac Combat Hostiles Destroyed 32 | . 2 2 . 4 9 15 Melee 4 | . . . . . . 4 Guns 16 | . 2 2 . . 7 5 Cannons 4 | . . . . . 2 2 AOE 8 | . . . . 4 . 4 Classes Destroyed 15 | 3 3 1 . . 4 4 Worker 2 | 1 . . . . . 1 Builder 2 | . . . . . . 2 Tunneler 1 | 1 . . . . . . Hauler 4 | . 1 . . . 2 1 Recycler 1 | 1 . . . . . . Watcher 1 | . 1 . . . . . Swarmer 10 | . . 2 . 4 3 1 Cutter 2 | . . . . . 2 . Grunt 12 | . 2 . . . 1 9 Duelist 1 | . . . . . . 1 Sentry 3 | . . . . . 1 2 Specialist 1 | . . . . . . 1 Hunter 1 | . . . . . 1 . Programmer 1 | . . . . . . 1 Heavy 1 | . . . . . 1 . Best Kill Streak 6 | 3 2 2 . 4 3 6 Combat Bots Only 4 | . 2 2 . 4 3 4 Max Kills in Single Turn 2 | 1 1 2 . 2 1 1 Gunslinging 1 | . . 1 . . . . Exploded 2 | . . . . 2 . 1 Melee 1 | . . . . . . 1 Uniques/NPCs Destroyed . | . . . . . . . Combat | -11 -10 -10 -10 -9 -8 -7 -------- Run | Yrd Mat Min Exi Min Mat Fac Hostile Shots Fired 548 | . 85 10 . 21 56 376 Missed 172 | . 20 2 . 4 20 126 Hits 376 | . 65 8 . 17 36 250 Melee 7 | . . 1 . . 1 5 Projectile 369 | . 65 7 . 17 35 245 AOE 2 | . . 2 . . . . Critical Strikes 12 | . 1 . . . . 11 Part Disruptions 1 | . . . . . . 1 Damage Taken 5003 | . 693 150 . 145 647 3368 Core 1007 | . 124 18 . 23 128 714 Absorbed by Shields . | . . . . . . . Core Remaining (%) 70 | 100 . . . 34 76 . Volleys Fired 103 | 8 17 3 . 2 39 34 Largest 3 | 2 2 2 . 2 3 3 Hottest 136 | 40 105 44 . 50 135 136 Shots Fired 237 | 16 29 7 . 4 109 72 Gun 173 | 16 20 7 . 2 83 45 Cannon 55 | . 9 . . . 26 20 Launcher 9 | . . . . 2 . 7 Special . | . . . . . . . Kinetic 130 | 16 16 7 . 2 52 37 Thermal 95 | . 10 . . . 57 28 Explosive 9 | . . . . 2 . 7 Electromagnetic 3 | . 3 . . . . . Robot Hit Streak 10 | 3 6 5 . . 7 10 Robot Miss Streak 6 | 2 2 5 . 4 6 3 Penetration Max . | . . . . . . . Secondary Targets 4 | . . 1 . . 1 2 Max Gunslinging Chain 1 | . . 1 . . 1 1 Shots Hit Robots 160 | 9 20 3 . . 61 67 Core Hits 87 | 5 9 3 . 4 25 41 Critical Kills 2 | . . . . . . 2 Critical Parts Destroyed 1 | . 1 . . . . . Critical Strikes 6 | . 1 . . . . 5 Destroy 3 | . 1 . . . . 2 Sever 3 | . . . . . . 3 Melee Attacks 18 | . . . . . . 18 Impact . | . . . . . . . Slashing 15 | . . . . . . 15 Piercing . | . . . . . . . Sneak Attacks 2 | . . . . . . 2 Combat Hostiles . | . . . . . . . Follow-up Attacks . | . . . . . . . Damage Inflicted 3650 | 85 307 49 . 213 881 2115 Guns 1600 | 85 199 43 . . 606 667 Cannons 739 | . 108 . . . 275 356 Explosions 946 | . . . . 213 . 733 Melee 359 | . . . . . . 359 Ramming 6 | . . 6 . . . . Kinetic 1197 | 85 159 43 . . 379 531 Thermal 1117 | . 123 . . . 502 492 Explosive 946 | . . . . 213 . 733 Electromagnetic 25 | . 25 . . . . . Impact . | . . . . . . . Slashing 359 | . . . . . . 359 Piercing . | . . . . . . . Highest Corruption 15 | . 7 7 7 7 . 15 Average Corruption 4 | . 4 7 7 7 . 2 Corruption Purged . | . . . . . . . Corruption Blocked . | . . . . . . . Effects 55 | . 11 9 19 5 . 11 Message Errors 9 | . 1 3 3 . . 2 Matter Fused 11 | . 3 . 4 . . 4 Heat Flow Errors 10 | . 1 1 5 . . 3 Energy Discharges 6 | . 2 . 2 2 . . Parts Rejected 2 | . . . . 1 . 1 Data Loss (minor) 9 | . 2 1 4 2 . . Data Loss (major) 3 | . . 1 1 . . 1 Misfires 1 | . . 1 . . . . Alerts 2 | . . 2 . . . . Weapon Failures 2 | . 2 . . . . . Overload Shots . | . . . . . . . Overflow Damage 49 | . . . . 7 8 34 Projectiles 17 | . . . . . 8 9 Explosions 12 | . . . . 7 . 5 Melee 20 | . . . . . . 20 Knockbacks . | . . . . . . . Impact . | . . . . . . . Kinetic . | . . . . . . . Secondary . | . . . . . . . Self-Inflicted Damage 33 | . . . . 3 . 30 Shots 2 | . . . . 1 . 1 Rammed . | . . . . . . . Targets Rammed 3 | . 1 2 . . . . Kicked 3 | . 1 2 . . . . Crushed . | . . . . . . . Highest Temperature 594 | . 336 101 266 . 546 594 Average Temperature 163 | . 143 67 120 . 164 187 Received Heat Transfer 967 | . 255 40 . . 36 636 Effects 26 | . 1 . . . 10 15 Shutdowns 5 | . . . . . 2 3 Energy Bleed 2 | . . . . . . 2 Interference 5 | . . . . . 3 2 Matter Decay 2 | . . . . . . 2 Short Circuit 3 | . 1 . . . 1 1 Damage (minor) 2 | . . . . . 1 1 Damage (major) 6 | . . . . . 2 4 Damage (core) 1 | . . . . . 1 . Siege Activations . | . . . . . . . Martial Activations . | . . . . . . . Shielding Activations . | . . . . . . . Robots Disrupted . | . . . . . . . Combat Hostiles . | . . . . . . . Robots Corrupted . | . . . . . . . Combat Hostiles . | . . . . . . . Parts Fried . | . . . . . . . Impact Corruptions . | . . . . . . . Robots Melted . | . . . . . . . Combat Hostiles . | . . . . . . . Parts Melted 4 | . 1 . . . 1 2 Heat Transferred 2008 | . 259 . . . 905 844 Parts Sabotaged . | . . . . . . . Parts Stolen . | . . . . . . . Parts Stripped . | . . . . . . . Power Chain Reactions . | . . . . . . . Alert | -11 -10 -10 -10 -9 -8 -7 ------- Run | Yrd Mat Min Exi Min Mat Fac Maximum Alert Level 1 | . . . . . . 1 Low Security (%) 91 | 100 100 100 . 100 100 81 Level 1 8 | . . . . . . 18 Level 2 . | . . . . . . . Level 3 . | . . . . . . . Level 4 . | . . . . . . . Level 5 . | . . . . . . . High Security . | . . . . . . . Max Security . | . . . . . . . Peak Influence 262 | 5 65 65 . 121 88 262 Initial 32 | . 3 . . . 27 32 Average 46 | 1 12 10 . 89 22 79 Influence Increases 1147 | 15 79 65 . 121 260 607 Destroy 0b10 Robot/C 680 | . 40 40 . 80 180 340 Destroy 0b10 Robot/NC 55 | 15 10 . . . 10 20 Destroy Leader 160 | . 14 10 . 10 54 72 Allied During Kill 9 | . . . . . . 9 Successful Hack 6 | . . . . . . 6 Disable Machine 15 | . . . . 15 . . Destroy Structure 72 | . . . . 16 16 40 Partial Spotted 15 | . . . . . . 15 Lose Combat Pursuer 135 | . 15 15 . . . 105 Influence Decreases 999 | 10 84 65 . 50 259 531 Entered New Map 86 | . 2 . . . 44 40 Time Decay 703 | 10 82 45 . 50 195 321 Lost Part 190 | . . 20 . . 20 150 Lost Ally 20 | . . . . . . 20 Squads Dispatched 7 | . . . . . 3 4 Investigation . | . . . . . . . Extermination 2 | . . . . . . 2 Reinforcement 5 | . . . . . 3 2 Assault . | . . . . . . . Garrison . | . . . . . . . Intercept . | . . . . . . . Searches Triggered . | . . . . . . . Construction Impeded 2 | . . . . . 1 1 Haulers Reinforced 1 | . . . . . . 1 Active Scanning Responses . | . . . . . . . Cargo Convoy Interrupts 1 | . . . . . . 1 Stealth | -11 -10 -10 -10 -9 -8 -7 --------- Run | Yrd Mat Min Exi Min Mat Fac Distress Signals 3 | . 2 . . . 1 . Communications Jammed . | . . . . . . . Distress Signals . | . . . . . . . Times Spotted 70 | . 10 11 . 6 14 29 Peak Tracking Total 16 | . 5 16 . 4 3 8 Tactical Retreats 6 | . 1 1 . . . 4 Traps | -11 -10 -10 -10 -9 -8 -7 ------- Run | Yrd Mat Min Exi Min Mat Fac Traps Triggered 5 | . 5 . . . . . Indirectly . | . . . . . . . Trap Hack Attempts . | . . . . . . . Triggered . | . . . . . . . Disarmed . | . . . . . . . Reprogrammed . | . . . . . . . Reused . | . . . . . . . Traps Extracted . | . . . . . . . Installed . | . . . . . . . Triggered . | . . . . . . . Machines | -11 -10 -10 -10 -9 -8 -7 ---------- Run | Yrd Mat Min Exi Min Mat Fac Machines Disabled 1 | . . . . 1 . . Max in Single Turn 1 | . . . . 1 . . Machines Repaired . | . . . . . . . Machines Dismantled . | . . . . . . . Machines Sabotaged . | . . . . . . . Overloaded Fab Kills . | . . . . . . . Hacking | -11 -10 -10 -10 -9 -8 -7 --------- Run | Yrd Mat Min Exi Min Mat Fac Machines Accessed 8 | . 2 . 4 . 1 1 Terminals 3 | . 2 . . . 1 . Fabricators 1 | . . . . . . 1 Repair Stations . | . . . . . . . Recycling Units . | . . . . . . . Scanalyzers . | . . . . . . . Garrison Access . | . . . . . . . Total Hacks 55 | . 3 . 49 . 1 2 Successful 52 | . 2 . 49 . . 1 Failed 3 | . 1 . . . 1 1 Catastrophic . | . . . . . . . Database Lockouts . | . . . . . . . Manual 3 | . 3 . . . . . Terminals 4 | . 3 . . . 1 . Fabricators 2 | . . . . . . 2 Repair Stations . | . . . . . . . Recycling Units . | . . . . . . . Scanalyzers . | . . . . . . . Garrison Access . | . . . . . . . Terminal Hacks 51 | . 2 . 49 . . . Record 50 | . 1 . 49 . . . Prototype ID Bank 1 | . 1 . . . . . Fabricator Hacks 1 | . . . . . . 1 Build 1 | . . . . . . 1 Repair Station Hacks . | . . . . . . . Recycling Unit Hacks . | . . . . . . . Scanalyzer . | . . . . . . . Garrison Access Hacks . | . . . . . . . Unauthorized Hacks . | . . . . . . . Terminals . | . . . . . . . Fabricators . | . . . . . . . Repair Stations . | . . . . . . . Recycling Units . | . . . . . . . Scanalyzers . | . . . . . . . Garrison Access . | . . . . . . . Data Cores Recovered . | . . . . . . . Used . | . . . . . . . Hacking Detections 1 | . . . . . 1 . Full Trace Events . | . . . . . . . Feedback Events . | . . . . . . . Feedback Blocked . | . . . . . . . Robot Schematics Acquired . | . . . . . . . Robots Built 3 | . . . . . . 3 Authchips . | . . . . . . . Time 134 | . . . . . . 134 Total Robot Build Rating 12 | . . . . . . 12 Part Schematics Acquired . | . . . . . . . Parts Built . | . . . . . . . Authchips . | . . . . . . . Time . | . . . . . . . Total Part Build Rating . | . . . . . . . Part Studies Acquired . | . . . . . . . Parts Repaired . | . . . . . . . Time . | . . . . . . . Parts Recycled . | . . . . . . . Recycled Matter . | . . . . . . . Retrieved Matter . | . . . . . . . Retrieved Components . | . . . . . . . Parts Scanalyzed . | . . . . . . . Part Schematics Acquired . | . . . . . . . Parts Damaged . | . . . . . . . Bothacking | -11 -10 -10 -10 -9 -8 -7 ------------ Run | Yrd Mat Min Exi Min Mat Fac Used RIF Installer . | . . . . . . . Robots Hacked 2 | . . . . . . 2 Non-combat 1 | . . . . . . 1 Combat 1 | . . . . . . 1 Robot Hacks Applied 2 | . . . . . . 2 parse_system 2 | . . . . . . 2 Relay Couplers Released . | . . . . . . . Fabnet Peak Effective % . | . . . . . . . Robots Rewired . | . . . . . . . Allies Hacked 3 | . . . . . . 3 Hacks Repelled . | . . . . . . . Allies | -11 -10 -10 -10 -9 -8 -7 -------- Run | Yrd Mat Min Exi Min Mat Fac Total Allies 3 | . . . . . . 3 Largest Group 3 | . . . . . . 3 Highest-Rated Group 60 | . . . . . . 60 Highest-Rated Ally 20 | . . . . . . 20 Total Orders . | . . . . . . . Ally Attacks 13 | . . . . . . 13 Total Damage 343 | . . . . . . 343 Kills 2 | . . . . . . 2 Allies Corrupted . | . . . . . . . Allies Melted . | . . . . . . . Intel | -11 -10 -10 -10 -9 -8 -7 ------- Run | Yrd Mat Min Exi Min Mat Fac Active Infowar (turns) 1253 | 8 146 57 618 118 306 . Optics 291 | . . . . 49 242 . Terrain 1230 | 8 146 57 618 118 283 . Robot Analysis Total . | . . . . . . . Derelict Logs Recovered . | . . . . . . . Drone Launches . | . . . . . . . Drone Recoveries . | . . . . . . . Exploration | -11 -10 -10 -10 -9 -8 -7 ------------- Run | Yrd Mat Min Exi Min Mat Fac Turns Passed 3313 | 104 381 343 618 118 569 1180 Spaces Moved 2181 | 57 230 185 515 89 268 837 Core 24 | 6 . . . . . 18 Treads 2 | . 2 . . . . . Legs 1433 | 51 228 185 515 89 246 119 Wheels 700 | . . . . . . 700 Hover . | . . . . . . . Flight 22 | . . . . . 22 . Fastest Speed 29 | 50 120 120 120 120 29 100 Average Speed 125 | 112 131 174 120 120 143 111 Slowest Speed 750 | 120 260 330 120 120 260 750 Overloaded Moves . | . . . . . . . Propulsion Burnouts . | . . . . . . . Robots Hopped . | . . . . . . . Potential Cave-ins . | . . . . . . . Cave-ins Triggered . | . . . . . . . Exploration Rate (%) 37 | 5 41 44 91 28 31 25 Regions Visited 6 Branch Regions 3 Pre-discovered Areas 1 | . . . 1 . . . Known Exits Taken . | . . . . . . . Unknown Exits Taken 6 | 1 1 1 1 1 1 . Scrap Searched 1 | . . 1 . . . . Spaces Dug 1 | . . . . . . 1 Terrain Destroyed 73 | . . . . 18 15 40 Melee 1 | . . . . . . 1 Projectile 15 | . . . . . 15 . AOE 57 | . . . . 18 . 39 Terrain Rammed . | . . . . . . . Walls Destroyed . | . . . . . . . Machines Disabled . | . . . . . . . Actions | -11 -10 -10 -10 -9 -8 -7 --------- Run | Yrd Mat Min Exi Min Mat Fac Total 2552 | 82 280 199 515 95 376 1005 Wait 80 | . 6 . . . 19 55 Move 2175 | 56 229 184 514 88 267 837 Hop . | . . . . . . . Pick Up 59 | 11 9 3 . 2 18 16 Fast Attach 8 | . 1 . . . 5 2 Attach 47 | 7 4 4 . 2 10 20 Detach 2 | . . 1 . . 1 . Swap 20 | . 5 1 . 1 6 7 Drop 36 | . 8 1 . . 11 16 Fire 103 | 8 17 3 . 2 39 34 Melee 18 | . . . . . . 18 Ram . | . . . . . . . Kick 3 | . 1 2 . . . . Crush . | . . . . . . . Escape Stasis . | . . . . . . . Rewire 1 | . . . 1 . . . Trap . | . . . . . . . Miscellaneous . | . . . . . . . Route ------- -11/Scrapyard -10/Materials -10/Mines -10/Exiles (discovered 2 exits: [*Min x2]) -9/Mines -8/Materials -7/Factory History --------- Turn | Location | Event 6 | -11/Scrapyard | Discovered new exit (range 15) 105 | -11/Scrapyard | Entered Materials 380 | -10/Materials | Discovered new exit (range 6) 486 | -10/Materials | Entered Mines 514 | -10/Mines | Lost 3 parts (1p1n1w) 675 | -10/Mines | A weapon hastily lodged in a ceiling crevice suddenly fell to the ground 743 | -10/Mines | Assembled infested the area 784 | -10/Mines | Met 8R-AWN 793 | -10/Mines | Build established: Mutant 794 | -10/Mines | Core integrity fell below 50% 824 | -10/Mines | Discovered new exit (range 5) 829 | -10/Mines | Entered Exiles 855 | -10/Exiles | Discovered new exit (range 15) 879 | -10/Exiles | Welcomed by 8R-AWN 898 | -10/Exiles | Met EX-HEX 953 | -10/Exiles | Met EX-BIN 1075 | -10/Exiles | Met EX-DEC 1099 | -10/Exiles | Learned location of Zion (-6) 1227 | -10/Exiles | Visited The Gauntlet 1429 | -10/Exiles | Discovered new exit (range 14) 1447 | -10/Exiles | Entered Mines 1556 | -9/Mines | Discovered new exit (range 6) 1565 | -9/Mines | Entered Materials 1565 | -8/Materials | Evolved 4 slots: Propulsion x2, Utility x1, Weapon x1 2086 | -8/Materials | Discovered new exit (range 13) 2134 | -8/Materials | Entered Factory 2134 | -7/Factory | Evolved 2 slots: Utility x1, Weapon x1 2377 | -7/Factory | Fabricated B-48 Gladiator? 2709 | -7/Factory | Build established: Tank 3116 | -7/Factory | Cargo convoy interrupted 3232 | -7/Factory | Core integrity fell below 50% 3237 | -7/Factory | Build established: Mutant 3242 | -7/Factory | Lost 7 parts (1p2n4w) 3242 | -7/Factory | System corruption reached 10% 3288 | -7/Factory | Core integrity fell below 20% 3314 | -7/Factory | Destroyed by P-60 Hacker with Shock Rifle Last Messages --------------- Slug penetrates Door. Slug penetrates Wall. P-60 Hacker destroyed. R-06 Scavenger collects Unknown Hover Unit. Penetrated by Slug. R-06 Scavenger collects Shock Rifle. Imp. Deuterium Engine destroyed. #EZG8A%YGY2ONAEQFPK V